 Dungeon Crawl Stone Soup version 0.19-a0-1051-gdb7e7f8 (webtiles) character file.

107 Liquid the Chopper (level 5, -7/42 HPs)
             Began as a Formicid Chaos Knight on Aug 1, 2016.
             Mangled by a gnoll
             ... wielding a +0 flail
              (9 damage)
             ... on level 3 of the Dungeon.
             The game lasted 00:03:18 (1633 turns).

Liquid the Chopper (Formicid Chaos Knight)          Turns: 1633, Time: 00:03:18

Health: -7/42      AC:  6    Str: 17    XL:     5   Next: 11%
Magic:  5/5        EV: 12    Int: 11    God:    Xom [..*...]
Gold:   125        SH:  0    Dex: 11    Spells: 0 memorised, 4 levels left

rFire  + . .     SeeInvis +     a - +0 hand axe (chaos)
rCold  . . .     Gourm    .     b - +2 leather armour
rNeg   . . .     Faith    .     (no shield)
rPois  .         Spirit   .     (helmet unavailable)
rElec  .         Dismiss  .     t - +0 cloak
rCorr  .         Reflect  .     (no gloves)
SustAt .         Harm     .     (no boots)
MR     .....                    (no amulet)
Stlth  +.........               r - ring of fire
                                h - ring of protection from cold

@: radiating poison, not resistant to hostile enchantments, very unstealthy
A: permanent stasis, dig shafts and tunnels, four strong arms, antennae 3
a: Dig, Shaft Self, Renounce Religion


You were on level 3 of the Dungeon.
You worshipped Xom.
You were a toy of Xom.
You were not hungry.

You visited 1 branch of the dungeon, and saw 3 of its levels.

You collected 125 gold pieces.

Inventory:

Hand Weapons
 a - a +0 hand axe of chaos (weapon)
Armour
 b - a +2 leather armour (worn)
 o - a +0 scale mail
 t - a +0 cloak (worn)
Jewellery
 h - a ring of protection from cold (left hand)
 k - an uncursed amulet of dismissal
 r - a ring of fire (right hand)
Scrolls
 f - 3 scrolls of remove curse {unknown}
 g - 2 scrolls of recharging {unknown}
 l - a scroll of magic mapping {unknown}
 m - 2 scrolls of amnesia {unknown}
 n - a scroll of blinking {unknown}
 p - a scroll of fear {unknown}
 u - a scroll of random uselessness {unknown}
 w - a scroll of identify {unknown}
Potions
 d - a potion of lignification {unknown}
 e - a potion of curing {unknown}
 j - 2 potions of flight {unknown}
 q - a potion of resistance {unknown}
Comestibles
 c - 2 bread rations
 i - a beef jerky
 s - 2 chunks of flesh
 v - 7 fruits


   Skills:
 + Level 3.9 Fighting
 * Level 4.1 Axes
 + Level 3.1 Armour
 + Level 1.8 Dodging


You had 4 spell levels left.
You didn't know any spells.

Dungeon Overview and Level Annotations

Branches:
Dungeon (3/15)

Altars:
Ru
Sif Muna
Trog
Yredelemnul


Innate Abilities, Weirdness & Mutations

You are under a permanent stasis effect.
You can dig through walls and to a lower floor.
Your four strong arms can wield two-handed weapons with a shield.
You have a pair of large antennae on your head. (SInv)


Message History

Unknown command.
You struggle against the net.
The gnoll hits you with a flail. x2
You struggle against the net.
The gnoll hits you.
You struggle against the net.
The gnoll hits you with a flail.
* * * LOW HITPOINT WARNING * * *
The gnoll hits you with a flail.
* * * LOW HITPOINT WARNING * * *
The gnoll hits you.
* * * LOW HITPOINT WARNING * * *
Unknown command.
You struggle against the net.
The gnoll hits you with a flail.
* * * LOW HITPOINT WARNING * * *
The gnoll barely misses you. The gnoll hits you but does no damage.
Unknown command.
You rip the net and break free!
Xom guffaws.
You begin to radiate toxic energy.
The gnoll misses you. The gnoll hits you with a flail!
You die...
Xom chortles!

#......# #......#
#......###. #..<.......
## #....###+## .# #....#
#.# .# #.##.###.## ##g#
#.##.'.._.. ########@g#
#....######
#####.......#g...#####.#
###
#####...#.#####.####.#
#.######
...#.###..#####.# #
#.......
##.#.#.......##.#
....#..#
##.....#..##.##.# #.#
#... ...##...#.# ##.# #.
#### ...######.. . ..#
##.# ####.###### ...#


You could see 3 gnolls.

Vanquished Creatures
  2 orc priests (D:3)
  An adder (D:3)
  An ooze (D:3)
  2 dart slugs
  2 orcs (D:3)
  2 bats
  2 giant cockroaches (D:1)
  3 goblins
  3 hobgoblins (D:1)
  2 giant newts
  8 kobolds
  3 rats (D:1)
31 creatures vanquished.

Notes
Turn   | Place    | Note
-------+----------+-------------------------------------------
     0 | D:1      | Liquid the Formicid Chaos Knight began the quest for the Orb.
     0 | D:1      | Reached XP level 1. HP: 18/18 MP: 1/1
    40 | D:1      | Reached skill level 1 in Dodging
   144 | D:1      | XOM: silly message
   268 | D:1      | Reached XP level 2. HP: 21/24 MP: 2/2
   298 | D:1      | XOM: harmless Necr miscast
   458 | D:1      | Reached XP level 3. HP: 27/29 MP: 3/3
   462 | D:1      | XOM: potion effect (heal wounds)
   706 | D:2      | Found a basalt altar of Yredelemnul.
   766 | D:2      | Found a deep blue altar of Sif Muna.
   834 | D:2      | Found a sacrificial altar of Ru.
  1280 | D:3      | Found a bloodstained altar of Trog.
  1420 | D:3      | Reached XP level 4. HP: 34/37 MP: 4/4
  1435 | D:3      | Reached skill level 4 in Axes
  1435 | D:3      | Reached XP level 5. HP: 36/42 MP: 5/5
  1632 | D:3      | HP: 2/42 [gnoll/flail (3)]
  1633 | D:3      | XOM: cast spell 'Olgreb's Toxic Radiance'
  1633 | D:3      | Mangled by a gnoll

Vault maps used:
D:1:      elethiomel_arrival_infinity_welcomes_careful_drivers
D:2:      yredelemnul_altar_generic, nicolae_ru_sacrificial_ziggurat,
          lemuel_blue_sif_altar
D:3:      lemuel_doored_altar, guppyfry_early_lair_pool

Skill      XL: |  1  2  3  4 |
---------------+-------------+-----
Dodging        | 1 |  1.8
Axes           | 4 |  4.1
Armour         | 3 |  3.1
Fighting       | |  3.9

Action                   |  1- 3 |  4- 6 || total
-------------------------+-------+-------++-------
Melee: Hand axe          |    69 |    20 ||    89
 Abil: Dig               |     1 |     1 ||     2
  Eat: Chunk             |     1 |     1 ||     2
Armor: Leather armour    |    23 |     3 ||    26
Dodge: Dodged            |    33 |    11 ||    44
